 Dungeon Crawl Stone Soup version 0.31.0-9-g3a7656b989 (webtiles) character file.

Game seed: 7305855926667748455

106 qw the Skirmisher (level 4, -3/25 HPs)
             Began as a Deep Elf Hunter on Feb 2, 2024.
             Slain by a gnoll
             ... wielding a +0 halberd
              (5 damage)
             ... on level 4 of the Dungeon.
             The game lasted 00:00:06 (1546 turns).

qw the Skirmisher (Deep Elf Hunter)                 Turns: 1546, Time: 00:00:07

Health: -3/25      AC:  5    Str: 10    XL:     4   Next: 55%
Magic:  6/6        EV:  9    Int: 14    God:
Gold:   163        SH:  0    Dex: 18    Spells: 3/3 levels left

rFire   . . .        a - +0 shortbow
rCold   . . .        (shield currently unavailable)
rNeg    . . .        c - +0 leather armour
rPois   .            h - +1 helmet
rElec   .            (no cloak)
rCorr   .            (no gloves)
SInv    .            (no boots)
Will    .....        d - amulet of faith
Stlth   ++           (no ring)
HPRegen 0.24/turn    (no ring)
MPRegen 0.10/turn

%: faith
@: constricted
A: no striking features
a: no special abilities


You were on level 4 of the Dungeon.
You visited 1 branch of the dungeon, and saw 4 of its levels.

You collected 163 gold pieces.


   Skills:
 - Level 1.5 Fighting
 + Level 8.0 Ranged Weapons
 - Level 2.4 Dodging
 - Level 1.2 Stealth


You had 3 spell levels left.
You didn't know any spells.
Your spell library was empty.

Inventory:

Hand Weapons
 a - a +0 shortbow (weapon)
Armour
 c - a +0 leather armour (worn)
 h - a +1 helmet (worn)
Jewellery
 d - an amulet of faith (around neck)
Potions
 b - a potion of brilliance {unknown}
 e - a potion of might {unknown}
 f - a potion of curing
 g - a potion of heal wounds
 k - a potion of degeneration {unknown}

Dungeon Overview and Level Annotations

Branches:
Dungeon (4/15)
 Temple: D:4-7

Altars:


Message History

You shoot an arrow. The arrow barely misses the orc.
The gnoll shouts!
The arrow hits the orc!
You kill the orc!
An orc wizard comes into view. It is wielding a +0 dagger.
A gnoll comes into view. It is wielding a +0 halberd.
1539 ||| RETREEEEATING.
You shoot an arrow. The arrow barely misses the orc.
You shoot an arrow. The arrow hits the orc.
The orc is heavily wounded.
The orc misses you. The gnoll misses you.
You shoot an arrow. The arrow hits the orc!
You kill the orc!
The gnoll misses you.
Your Ranged Weapons skill increases to level 8!
You shoot an arrow. The arrow completely misses the gnoll.
The arrow hits the gnoll.
The gnoll is moderately wounded.
The ball python bites you but does no damage.
The ball python barely misses you.
You shoot an arrow. The arrow barely misses the gnoll.
The ball python misses you. x2; The gnoll barely misses you.
You shoot an arrow.
The arrow closely misses the orc wizard.
The arrow hits the gnoll.
The gnoll is lightly wounded.
The ball python closely misses you. The ball python grabs you.
The ball python constricts you. The gnoll hits you with a +0 flail.
The orc wizard hits you but does no damage.
The gnoll barely misses you. The ball python closely misses you.
The ball python constricts you.
You shoot an arrow.
The arrow closely misses the ball python.
The gnoll barely misses you.
The orc wizard points at you and mumbles some strange words.
The puff of flame hits you!
Ouch! That really hurt!
The gnoll hits you with a +0 flail!
The gnoll hits you from afar with a +0 halberd.
You die...

# .# .# ..#
###..###
#.##.###......#.
#.....S@g.......
.....##o......#.
... #gg....## #
..........
.#)..##.##.
#.#..)# .# g
..... . .#
##.### #


You could see an orc wizard, 3 gnolls and a ball python.

Vanquished Creatures
  5 adders
  3 dart slugs
  2 orcs (D:4)
  5 ball pythons
  6 endoplasms
  A goblin (D:2)
  2 hobgoblins
  2 jackals (D:1)
  6 quokkas
  6 bats
  A frilled lizard (D:1)
  9 kobolds
  3 rats
51 creatures vanquished.

Notes
Turn   | Place    | Note
-------+----------+-------------------------------------------
     0 | D:1      | qw the Deep Elf Hunter began the quest for the Orb.
     0 | D:1      | Reached XP level 1. HP: 12/12 MP: 3/3
     0 | D:1      | 0 ||| qw: Version: 0.3-a-155-g5e7d8dd
     0 | D:1      | 0 ||| qw: Game counter: 2407
     0 | D:1      | 0 ||| qw: Melee chars always use a shield: true
     0 | D:1      | 0 ||| qw: God list: Okawaru
     0 | D:1      | 0 ||| qw: Allow faded altars: false
     0 | D:1      | 0 ||| qw: Do Orc after clearing Dungeon:15 true
     0 | D:1      | 0 ||| qw: Do second Lair branch before Depths: true
     0 | D:1      | 0 ||| qw: Lair rune preference: random
     0 | D:1      | 0 ||| qw: Goals: Normal
     0 | D:1      | 0 ||| PLANNING D:1-11
    83 | D:1      | Reached XP level 2. HP: 10/16 MP: 4/4
   142 | D:1      | Reached skill level 6 in Ranged Weapons
   561 | D:1      | 561 ||| UPGRADING to +0 helmet.
   566 | D:1      | 566 ||| UPGRADING to amulet of faith.
   571 | D:1      | 571 ||| READING 2 scrolls labelled REWKYH YNASM.
   571 | D:1      | 571 ||| IDENTIFYING fuming cyan potion
   572 | D:1      | 572 ||| READING scroll of identify.
   572 | D:1      | 572 ||| IDENTIFYING scroll labelled ONOHUSHRASU
   573 | D:1      | 573 ||| DROPPING scroll of butterflies.
   574 | D:1      | 574 ||| DROPPING scroll of immolation.
   706 | D:2      | Reached XP level 3. HP: 20/20 MP: 5/5
   856 | D:2      | Reached skill level 7 in Ranged Weapons
   857 | D:2      | 857 ||| FLEEEEING.
  1080 | D:2      | 1080 ||| READING scroll labelled TAMYUSSESUOH.
  1122 | D:3      | Reached XP level 4. HP: 25/25 MP: 6/6
  1203 | D:3      | Found a faded altar of an unknown god.
  1501 | D:3      | 1501 ||| READING scroll labelled FIPLYSM ZOPLE.
  1501 | D:3      | 1501 ||| ENCHANTING +0 helmet.
  1502 | D:3      | 1502 ||| READING scroll labelled UNGOPLIRIC.
  1503 | D:3      | 1503 ||| DRINKING 2 sapphire potions.
  1539 | D:4      | 1539 ||| RETREEEEATING.
  1543 | D:4      | Reached skill level 8 in Ranged Weapons
  1546 | D:4      | HP: 2/25 [gnoll/+0 flail (8)]
  1546 | D:4      | Slain by a gnoll

Levels and vault maps discovered:
D:1:      elethiomel_arrival_quiet, layout_basic
D:2:      layout_basic
D:3:      layout_rooms, dreamdust_ecumenical_altar_angels_and_demons,
          serial_bayou_pond_c
D:4:      layout_loops_ring, nzn_overflow_gifts_of_might_and_magic,
          gammafunk_ghost_grave, uniq_robin

Skill      XL: |  1  2  3  4 |
---------------+-------------+-----
Ranged Weapons | 6 7 8 |  8.0
Fighting       | |  1.5
Dodging        | |  2.4
Stealth        | |  1.2

Action                     |  1- 3 |  4- 6 || total
---------------------------+-------+-------++-------
   Fire: Shortbow          |    88 |    41 ||   129
    Use: Scroll            |     3 |     2 ||     5
         Potion            |       |     1 ||     1
 Armour: Leather armour    |    15 |     9 ||    24
  Dodge: Dodged            |    18 |    18 ||    36

Table legend:
 A = Non-vault XP
 B = Vault XP
 C = Vault XP percentage of total XP
 D = Non-vault monster count
 E = Vault monster count
 F = Vault count percentage of total count
                 A         B        C        D         E       F
            +---------+---------+-------+---------+---------+-------
      Total |     152 |       0 |   0.0 |      51 |       0 |   0.0
            +---------+---------+-------+---------+---------+-------
        D:1 |      36 |       0 |   0.0 |      20 |       0 |   0.0
        D:2 |      45 |       0 |   0.0 |      11 |       0 |   0.0
        D:3 |      64 |       0 |   0.0 |      17 |       0 |   0.0
        D:4 |       7 |       0 |   0.0 |       3 |       0 |   0.0
            +---------+---------+-------+---------+---------+-------
